 Dungeon Crawl Stone Soup version 0.30.0-29-ga12c61a403 (webtiles) character file.

Game seed: 11867705230012957393

1445 qw the Cleaver (level 8, 0/51 HPs)
             Began as a Gargoyle Fighter on June 2, 2023.
             Slain by an orc warrior
             ... wielding a +0 halberd
              (3 damage)
             ... on level 7 of the Dungeon.
             The game lasted 00:02:29 (5144 turns).

qw the Cleaver (Gargoyle Fighter)                   Turns: 5144, Time: 00:02:30

Health: 0/51       AC: 18    Str: 21    XL:     8   Next: 75%
Magic:  8/8        EV:  6    Int: 10    God:
Gold:   437        SH:  4    Dex:  9    Spells: 7/7 levels left

rFire   . . .        Y - +1 war axe
rCold   . . .        c - +0 buckler
rNeg    + . .        e - +0 plate armour
rPois   inf          (no helmet)
rElec   +            p - scarf {repulsion}
rCorr   .            f - +0 pair of gloves
SInv    .            (no boots)
Will    .....        (no amulet) Stlth
                     (no ring)
HPRegen 0.28/turn    (no ring)
MPRegen 0.11/turn

%: repel missiles
@: no status effects
A: sickness immunity, AC +5, negative energy resistance 1, electricity
resistance, torment resistance 1, petrification resistance
a: no special abilities


You were on level 7 of the Dungeon.
You visited 1 branch of the dungeon, and saw 7 of its levels.

You collected 437 gold pieces.


Innate Abilities, Weirdness & Mutations

You are immune to sickness and miasma.
Your stone body is resilient. (AC +5)
You are immune to poison.
You resist negative energy. (rN+)
You are resistant to electric shocks. (rElec)
You are resistant to unholy torment.
You are immune to petrification.


   Skills:
 - Level 6.1 Fighting
 - Level 8.0 Axes
 + Level 1.4 Throwing
 - Level 4.3 Armour
 - Level 1.6 Dodging
 - Level 3.2 Shields


You had 7 spell levels left.
You didn't know any spells.
Your spell library was empty.

Inventory:

Hand Weapons
 g - a +0 flail
 Y - a +1 war axe (weapon)
Missiles
 j - 2 boomerangs of dispersal (quivered)
 l - 6 javelins
Armour
 b - a +0 cloak
 c - a +0 buckler (worn)
 e - a +0 plate armour (worn)
 f - a +0 pair of gloves (worn)
 p - a scarf of repulsion (worn)
Scrolls
 a - a scroll of identify
Potions
 d - 2 potions of might
 h - a potion of resistance
 i - 2 potions of lignification
 n - a potion of haste

Dungeon Overview and Level Annotations

Branches:
Dungeon (7/15)
 Temple: D:4-7

Altars:
Elyvilon
Vehumet
Xom

Shops:
D:4 :


Message History

You hit the orc.
The orc priest hits you from afar with a +0 trident.
The orc hits you but does no damage.
The orc warrior hits you from afar with a +0 halberd.
You slice the orc!!
You kill the orc!
You slash something! The orc priest closely misses you.
The orc warrior hits you from afar with a +0 halberd.
The orc hits you but does no damage.
You hear some strange, mumbled words.
A magic dart appears from out of thin air!
The magic dart hits you but does no damage.
The orc warrior hits you with a +0 halberd.
Things that are here:
a +0 dagger; a +0 robe; an orc corpse You hit the orc priest but do no damage.
You hit the orc warrior. You closely miss the orc. You slash the orc!
You kill the orc!
You miss something. The orc hits you but does no damage.
Something hits you but does no damage.
The orc priest hits you with a +0 trident.
The orc warrior hits you with a +0 halberd.
You barely miss the orc warrior.
The orc warrior is lightly wounded.
You hit the orc priest but do no damage.
You barely miss the orc. You miss something.
The orc priest hits you with a +0 trident.
The orc hits you but does no damage. You block something's attack.
The orc warrior hits you with a +0 halberd.
You hit the orc warrior but do no damage.
The orc warrior is lightly wounded.
You barely miss the orc. You miss something.
You hit the orc priest but do no damage.
The orc priest hits you with a +0 trident.
You hear some strange, mumbled words.
A magic dart appears from out of thin air!
The magic dart hits you but does no damage.
The orc warrior hits you with a +0 halberd.
You die...

.......... .. ..........
+##.. .....#... ......
......... ...... ........#
#......
####.....###.......
..........{#o....#
......#....@o....#
..........)o)......
..........(....#...
........###....# .
......#..........
#####.#.##################
#.#.# #.....%.# #
#.##########.#####.##
#............#<.....#


You could see an orc warrior, an orc priest and an orc.

Vanquished Creatures
  2 water moccasins
  An orc warrior (D:6)
  A black bear (D:5)
  2 ice beasts
  A phantom (D:5)
  Blork the orc (D:4)
  A bullfrog (D:7)
  2 scorpions
  4 hounds
  An orc priest (D:6)
  A jelly (D:6)
  4 iguanas
  2 orc wizards
  7 adders
  A gnoll (D:1)
  A white imp (D:5)
  3 ufetubi
  A worm (D:2)
  3 dart slugs
  14 orcs
  5 endoplasms
  8 giant cockroaches
  2 goblins
  8 hobgoblins
  8 quokkas
  5 ball pythons
  5 bats
  3 frilled lizards (D:3)
  5 kobolds
  2 rats (D:1)
104 creatures vanquished.

Notes
Turn   | Place    | Note
-------+----------+-------------------------------------------
     0 | D:1      | qw the Gargoyle Fighter began the quest for the Orb.
     0 | D:1      | Reached XP level 1. HP: 14/14 MP: 1/1
     0 | D:1      | 0 ||| qw: Version: 0.2-a-102-gdf20003
     0 | D:1      | 0 ||| qw: Game counter: 923
     0 | D:1      | 0 ||| qw: Always use a shield: true
     0 | D:1      | 0 ||| qw: God list: Okawaru
     0 | D:1      | 0 ||| qw: Allow faded altars: false
     0 | D:1      | 0 ||| qw: Do Orc after D:15 true
     0 | D:1      | 0 ||| qw: Do second Lair branch before Depths: true
     0 | D:1      | 0 ||| qw: Lair rune preference: random
     0 | D:1      | 0 ||| qw: Plans: Normal, Zot:1-4, Slime:5, God:TSO, Crypt,
                  | Tomb, Pan, Hells, Abyss, Win
     0 | D:1      | 0 ||| PLANNING D:1-11
    34 | D:1      | Reached skill level 2 in Axes
    47 | D:1      | 47 ||| FLEEEEING.
    48 | D:1      | 48 ||| FLEEEEING.
    49 | D:1      | 49 ||| FLEEEEING.
    50 | D:1      | 50 ||| FLEEEEING.
    51 | D:1      | 51 ||| FLEEEEING.
    91 | D:1      | Reached XP level 2. HP: 17/19 MP: 2/2
   199 | D:1      | 199 ||| Stepping ~*~*~tactically~*~*~ (stealth).
   204 | D:1      | Reached skill level 3 in Axes
   205 | D:1      | 205 ||| Stepping ~*~*~tactically~*~*~ (stealth).
   212 | D:1      | Reached XP level 3. HP: 23/23 MP: 3/3
   361 | D:1      | 361 ||| Stepping ~*~*~tactically~*~*~ (hiding).
   509 | D:1      | 509 ||| DROPPING +0 club.
   604 | D:1      | 604 ||| DROPPING +0 whip.
   879 | D:1      | 879 ||| READING 2 scrolls labelled NINNYA BIONLEMN.
   880 | D:1      | 880 ||| READING 2 scrolls labelled ZOZUQY GOFIA.
   881 | D:1      | 881 ||| READING scroll labelled QAENO OHYPUOCE.
   882 | D:1      | 882 ||| DROPPING scroll of blinking.
   907 | D:2      | You fall into a shaft and drop 1 floor!
   933 | D:2      | Found a faded altar of an unknown god.
  1180 | D:2      | Found a shimmering altar of Xom.
  1306 | D:2      | Reached XP level 4. HP: 27/28 MP: 4/4
  1552 | D:2      | 1552 ||| UPGRADING to +0 chain mail.
  1562 | D:2      | 1562 ||| DROPPING +0 scale mail.
  1563 | D:2      | 1563 ||| DROPPING +1 leather armour of cold resistance.
  1564 | D:2      | 1564 ||| UPGRADING to scarf of repulsion.
  1569 | D:2      | 1569 ||| READING scroll labelled UXTEEB MAAN.
  1570 | D:2      | 1570 ||| READING scroll labelled BUPHICVINOB.
  1571 | D:2      | 1571 ||| DRINKING 2 metallic brown potions.
  1572 | D:2      | 1572 ||| READING 3 scrolls of identify.
  1572 | D:2      | 1572 ||| IDENTIFYING yellow potion
  1573 | D:2      | 1573 ||| READING 2 scrolls of identify.
  1573 | D:2      | 1573 ||| IDENTIFYING murky amethyst potion
  1574 | D:2      | 1574 ||| DROPPING potion of brilliance.
  1721 | D:3      | Reached skill level 1 in Throwing
  1922 | D:3      | Found a white marble altar of Elyvilon.
  2044 | D:3      | 2044 ||| UPGRADING to +0 pair of gloves.
  2049 | D:3      | 2049 ||| READING scroll labelled GEIDEKHIBI.
  2054 | D:3      | 2054 ||| READING scroll labelled NESTRO MUCUNTU.
  2055 | D:3      | 2055 ||| DRINKING 2 bubbling golden potions.
  2159 | D:3      | 2159 ||| DRINKING 2 bubbling red potions.
  2160 | D:3      | 2160 ||| READING 2 scrolls of identify.
  2160 | D:3      | 2160 ||| IDENTIFYING purple potion
  2161 | D:3      | 2161 ||| DROPPING potion of berserk rage.
  2172 | D:4      | Reached skill level 4 in Axes
  2239 | D:4      | Noticed a scorpion
  2253 | D:4      | Killed a scorpion
  2254 | D:4      | Reached XP level 5. HP: 28/32 MP: 5/5
  2387 | D:4      | Reached skill level 5 in Axes
  2539 | D:4      | Found Vigyi's Book Boutique.
  2596 | D:4      | Noticed Blork the orc
  2598 | D:4      | 2598 ||| Stepping ~*~*~tactically~*~*~ (hiding).
  2614 | D:4      | Killed Blork the orc
  2615 | D:4      | Reached XP level 6. HP: 25/39 MP: 6/6
  2768 | D:4      | 2768 ||| Stepping ~*~*~tactically~*~*~ (stealth).
  2773 | D:4      | 2773 ||| Stepping ~*~*~tactically~*~*~ (stealth).
  2774 | D:4      | 2774 ||| Stepping ~*~*~tactically~*~*~ (stealth).
  3072 | D:4      | 3072 ||| READING scroll labelled EMI USHRAKHERIA.
  3073 | D:4      | 3073 ||| READING scroll labelled RORAGI VOEC AFOALA.
  3074 | D:4      | 3074 ||| READING scroll labelled CIEFER DEFRAD.
  3075 | D:4      | 3075 ||| READING 4 scrolls of identify.
  3075 | D:4      | 3075 ||| IDENTIFYING orange potion
  3094 | D:5      | Entered Level 5 of the Dungeon
  3094 | D:5      | Noticed a black bear
  3098 | D:5      | Killed a black bear
  3309 | D:5      | Reached skill level 6 in Axes
  3309 | D:5      | Reached XP level 7. HP: 40/44 MP: 7/7
  3379 | D:5      | Reached skill level 1 in Dodging
  3602 | D:5      | 3602 ||| Stepping ~*~*~tactically~*~*~ (stealth).
  3695 | D:5      | Reached skill level 7 in Axes
  3739 | D:5      | 3739 ||| Stepping ~*~*~tactically~*~*~ (stealth).
  4023 | D:5      | 4023 ||| READING 3 scrolls of identify.
  4023 | D:5      | 4023 ||| IDENTIFYING sedimented inky potion
  4024 | D:5      | 4024 ||| DROPPING potion of degeneration.
  4259 | D:6      | Reached XP level 8. HP: 41/49 MP: 8/8
  4341 | D:6      | Found a radiant altar of Vehumet.
  4669 | D:6      | Reached skill level 8 in Axes
  4669 | D:6      | 4669 ||| FLEEEEING.
  4746 | D:6      | 4746 ||| Stepping ~*~*~tactically~*~*~ (hiding).
  4756 | D:6      | HP: 12/50 [orc priest/divine providence (10)]
  4757 | D:6      | 4757 ||| READING scroll of teleportation.
  4758 | D:6      | 4758 ||| DRINKING 2 potions of heal wounds.
  4760 | D:6      | 4760 ||| DRINKING potion of heal wounds.
  4837 | D:6      | 4837 ||| Stepping ~*~*~tactically~*~*~ (hiding).
  4838 | D:6      | 4838 ||| Stepping ~*~*~tactically~*~*~ (hiding).
  4841 | D:6      | 4841 ||| Stepping ~*~*~tactically~*~*~ (stealth).
  4852 | D:6      | Reached skill level 6 in Fighting
  4855 | D:6      | 4855 ||| DRINKING potion of curing.
  4855 | D:6      | 4855 ||| (to cure confusion)
  5036 | D:6      | 5036 ||| UPGRADING to +0 plate armour.
  5046 | D:6      | 5046 ||| DROPPING +0 chain mail.
  5047 | D:6      | 5047 ||| READING 3 scrolls labelled APPEXI DUWEORCH.
  5048 | D:6      | 5048 ||| READING 2 scrolls of identify.
  5048 | D:6      | 5048 ||| IDENTIFYING amethyst potion
  5049 | D:6      | 5049 ||| DROPPING potion of magic.
  5050 | D:6      | 5050 ||| DROPPING 2 scrolls of amnesia.
  5128 | D:7      | 5128 ||| Stepping ~*~*~tactically~*~*~ (stealth).
  5142 | D:7      | HP: 8/51 [orc warrior/+0 halberd (6)]
  5144 | D:7      | HP: 3/51 [orc priest/+0 trident (2)]
  5144 | D:7      | Slain by an orc warrior

Levels and vault maps discovered:
D:1:      lightli_iron_boxes, layout_basic
D:2:      layout_basic, basic_altar, ebering_ecumenical_altar_sacrificial
D:3:      layout_rooms, nicolae_elyvilon_temple_path
D:4:      layout_cave_pods, serial_shops, kennysheep_mini, uniq_blork_the_orc
D:5:      layout_loops_corners
D:6:      layout_loops_ring, nicolae_vehumet_radiance, tgw_sif
D:7:      layout_basic, minmay_temple_entry_wispy, kennysheep_minor_cross

Skill      XL: |  1  2  3  4  5  6  7  8 |
---------------+-------------------------+-----
Axes           | 2 3 4 5 6 7 8 |  8.0
Throwing       | 1 |  1.4
Fighting       | 4 5 6 |  6.1
Dodging        | 1 |  1.6
Armour         | 4 |  4.3
Shields        | |  3.2

Action                     |  1- 3 |  4- 6 |  7- 9 || total
---------------------------+-------+-------+-------++-------
  Melee: War axe           |   106 |   117 |   155 ||   378
  Throw: Javelin           |    13 |     5 |       ||    18
    Use: Scroll            |     3 |    11 |     4 ||    18
         Potion            |       |     3 |     3 ||     6
 Armour: Scale mail        |    62 |     2 |       ||    64
         Chain mail        |       |    73 |    88 ||   161
         Plate armour      |       |       |    24 ||    24
  Dodge: Dodged            |    40 |    49 |    49 ||   138
  Block: Buckler           |    15 |    16 |    31 ||    62

Table legend:
 A = Non-vault XP
 B = Vault XP
 C = Vault XP percentage of total XP
 D = Non-vault monster count
 E = Vault monster count
 F = Vault count percentage of total count
                 A         B        C        D         E       F
            +---------+---------+-------+---------+---------+-------
      Total |    1965 |     100 |   4.8 |     103 |       1 |   1.0
            +---------+---------+-------+---------+---------+-------
        D:1 |      57 |       0 |   0.0 |      24 |       0 |   0.0
        D:2 |      37 |       0 |   0.0 |      12 |       0 |   0.0
        D:3 |      27 |       0 |   0.0 |      12 |       0 |   0.0
        D:4 |     234 |     100 |  29.9 |      19 |       1 |   5.0
        D:5 |     676 |       0 |   0.0 |      15 |       0 |   0.0
        D:6 |     793 |       0 |   0.0 |      16 |       0 |   0.0
        D:7 |     141 |       0 |   0.0 |       5 |       0 |   0.0
            +---------+---------+-------+---------+---------+-------
